[Event "1st Chessable Sunway Formentera 2022"]
[Site "Formentera Punta Prima"]
[Date "2022.05.04"]
[Round "6"]
[White "Garcia Martin, Marta"]
[Black "Batsiashvili, Nino"]
[Result "0-1"]
[ECO "B13"]
[WhiteElo "2326"]
[BlackElo "2463"]
[Annotator "TA"]
[PlyCount "78"]
[EventDate "2022.05.05"]
[EventType "swiss"]
[EventCountry "ESP"]
[SourceTitle "playchess.com"]
[Source "ChessBase"]
[SourceQuality "1"]
[TimeControl "40/5400+30:1800+30"]

1. e4 c6 2. d4 d5 3. exd5 cxd5 4. Nf3 Nf6 5. Ne5 Bd7 6. c4 {[%emt 0:07:12] B13: Caro-Kann: Exchange Variation and Panov-Botvinnik Attack.} (6. c3 $14) 6... e6 $11 7. Nc3 Nc6 {[%emt 0:08:48] [#]} 8. Nxd7 $146 {[%emt 0:24:09] The position is equal.} ({Predecessor:} 8. cxd5 exd5 9. Nxd7 Qxd7 10. Bb5 Be7 11. O-O O-O 12. Be3 a6 13. Ba4 Bd6 14. h3 Rac8 15. Qf3 Bb8 16. Rad1 b5 17. Bb3 Ne7 18. Bg5 b4 19. Bxf6 bxc3 20. Bxe7 Qxe7 21. bxc3 {1-0 (34) Paolillo,G (1916)-Pistis,L (1401) Tarvisio 2014}) 8... Qxd7 9. c5 Be7 10. Bb5 Ne4 11. Qd3 Nxc3 12. Qxc3 O-O 13. O-O Bf6 14. Be3 Rfd8 15. Rfe1 Qc7 16. Rad1 a5 17. a3 a4 18. Qc2 Qa5 19. Qe2 Ne7 20. g4 {[%emt 0:01:14] g5 is the strong threat.} h6 {[%emt 0:03:05] [#] Against g5} (20... g6 $1 $11 {remains equal.}) 21. Bd3 ({Better is} 21. Rf1 $1 $16) 21... b6 22. Rc1 (22. f4 $11 Nc6 23. Bb5) 22... bxc5 (22... Nc6 $17) 23. Rxc5 Qb6 24. Rec1 Rdb8 25. Bb1 Qd6 (25... Ra5 $5 ) 26. Qd3 {[%emt 0:01:35] Black must now prevent Qh7+.} g6 27. Qd2 e5 28. Bxh6 Qe6 29. Qe2 (29. h3 $1 $11) 29... exd4 (29... Kh7 $5 30. g5 Bh8 31. dxe5 Bxe5 $15) 30. Qxe6 fxe6 31. Rc7 {[%emt 0:00:36] Hoping for g5.} Kf7 32. Bf4 (32. Kf1 $11) 32... g5 ({Much worse is} 32... Rxb2 $6 33. g5 Bg7 34. Bd6 $11) (32... e5 $17 33. Bh6 Rxb2) 33. Bd6 $15 Rxb2 34. Rd7 {[%emt 0:01:05] [#]} ({White should play} 34. Bd3 $15) 34... Rb3 (34... Ke8 $1 $19 {[%cal Re8d7] and Black stays clearly on top.} 35. Rdc7 e5) 35. Re1 $2 (35. Bb4 $17 {keeps fighting.}) 35... Ra6 (35... Ke8 $19 36. Rc7 Ra6) 36. Bc2 $2 (36. Bb4 $17) 36... Rc3 $19 37. Bb1 Rac6 (37... Ke8 $19 {is more deadly.} 38. Bxe7 Bxe7) 38. Bxe7 $2 (38. Bb4 $17) 38... Bxe7 39. Bf5 $2 (39. Kg2) 39... d3 {[%emt 0:00:46] Weighted Error Value: White=0.56/Black=0.28 (precise)} 0-1

[Event "1st Chessable Sunway Formentera 2022"]
[Site "Formentera Punta Prima"]
[Date "2022.05.04"]
[Round "6"]
[White "Soham Das"]
[Black "Cuenca Jimenez, Jose Fernando"]
[Result "0-1"]
[ECO "A07"]
[WhiteElo "2266"]
[BlackElo "2551"]
[Annotator "TA"]
[PlyCount "80"]
[EventDate "2022.05.05"]
[EventType "swiss"]
[EventCountry "ESP"]
[SourceTitle "playchess.com"]
[Source "ChessBase"]
[SourceQuality "1"]
[TimeControl "40/5400+30:1800+30"]

1. b3 d5 2. Bb2 Bf5 3. Nf3 e6 4. g3 Nf6 5. Bg2 h6 6. O-O Be7 7. d3 O-O 8. Nbd2 a5 9. a4 Nbd7 {[%emt 0:05:46] A07: Réti Opening: New York and Capablanca Systems.} 10. e3 c6 11. Qe2 Qb6 $5 {[%emt 0:03:58][%mdl 4] [#] The position is equal. Exploring less charted territory.} 12. e4 $146 ({Predecessor:} 12. Kh1 Rfd8 13. Nh4 Bh7 14. f4 Ne8 15. Nhf3 Bf6 16. Ne5 Qc7 17. Ndf3 Be7 18. Ng4 Nd6 19. Nfe5 Nf8 20. Nf2 Nf5 21. e4 {½-½ (21) Keene,R-Hort,V Hastings 1967}) 12... Bg4 13. h3 Bh5 14. Rae1 Bb4 15. e5 Ne8 16. g4 Bg6 17. Kh1 Bh7 18. Nd4 {[%emt 0:05:22] [#]} (18. Ra1 $11) 18... Bc5 ({Black should try} 18... Nxe5 $1 $15 19. f4 (19. Nxe6 Nxd3) 19... Nd7) 19. Qe3 $14 Nc7 20. f4 Rae8 21. N2f3 Bb4 22. Rd1 Be7 23. Rde1 c5 24. Ne2 c4 (24... d4 $5 25. Qc1 Nd5 $11) 25. Ned4 (25. Bd4 $5 Qa6 26. bxc4 $14) 25... Bc5 26. Bc3 cxd3 27. cxd3 Na6 28. Qd2 Bb4 $1 29. Rc1 {[%emt 0:01:56] [#]} (29. f5 $11 {remains equal.}) 29... Nac5 $1 $17 30. Bxb4 axb4 31. f5 exf5 32. gxf5 Nxe5 33. Nxe5 Rxe5 34. f6 $2 {[%emt 0:00:29][%mdl 8192] Loses the game.} (34. Qc2 $17 {is more resistant.} Nd7 35. Qf2) 34... Nxd3 $19 35. Nf3 Re3 36. a5 Qe6 37. fxg7 {[%emt 0:00:31] Black is clearly winning.} Re8 {[%emt 0:00:58] White must now prevent ...Re2.} 38. Nd4 {[%emt 0:00:28] Inhibits Re2.} (38. Rc7 $142 Re2 39. Nd4 Rxd2 40. Nxe6 fxe6 41. Rxb7) 38... Qe5 (38... Rxh3+ $142 39. Kg1 Qg4) 39. Nf3 Qg3 {[%emt 0:05:59] ( -> ...Re2)} 40. Rc8 {[%emt 0:00:00] [#]} Nf4 $1 {[%emt 0:00:00][%mdl 512] Weighted Error Value: White=0.65/Black=0.27 (precise)} 0-1

[Event "1st Chessable Sunway Formentera 2022"]
[Site "Formentera Punta Prima"]
[Date "2022.05.04"]
[Round "6"]
[White "Real, Thibault"]
[Black "Bernard, Jacques"]
[Result "1-0"]
[ECO "B43"]
[WhiteElo "2262"]
[BlackElo "2122"]
[Annotator "TA"]
[PlyCount "67"]
[EventDate "2022.05.05"]
[EventType "swiss"]
[EventCountry "ESP"]
[SourceTitle "playchess.com"]
[Source "ChessBase"]
[SourceQuality "1"]
[TimeControl "40/5400+30:1800+30"]

1. e4 c5 2. Nf3 e6 3. d4 cxd4 4. Nxd4 a6 5. Nc3 Qc7 6. Be3 Nf6 {[%emt 0:01:41][%cal Of8a3] 6...Bb4 deserves study.} 7. Qf3 {[%emt 0:25:05] B43: Sicilian: Kan Variation: 5 Nc3.} Bb4 8. Nde2 Nc6 9. O-O-O {[%emt 0:02:16] The position is equal.} O-O {[%emt 0:06:27] [#]} 10. Qg3 $146 ({Predecessor:} 10. Bf4 Ne5 11. Qg3 d6 12. Bg5 Ne8 13. Kb1 f6 14. Bc1 f5 15. exf5 Rxf5 16. Nd4 {1-0 (27) Vavulin,M (2575)-Uraev,I (2304) Moscow 2018}) 10... Qxg3 11. hxg3 (11. Nxg3 $11 b5 12. a3 Bxc3 13. bxc3) 11... b5 (11... Ng4 $15) 12. f3 $36 {[%emt 0:00:20][%mdl 2048] White has some pressure.} Rd8 13. g4 d6 14. Bb6 Re8 (14... Rd7 $14) 15. Bc7 d5 16. g5 (16. exd5 $6 Nxd5 17. Nxd5 exd5 $16) 16... d4 17. Nxd4 (17. gxf6 $6 dxc3 18. fxg7 (18. bxc3 Ba3+ 19. Kb1 gxf6 $14) (18. Nxc3 gxf6 19. a3 Bc5 $14) 18... cxb2+ 19. Kxb2 Be7 $16) 17... Nxd4 18. Rxd4 Bc5 {[%emt 0:01:47] [#]} 19. Rd3 {[%emt 0:00:20] White is more active.} ({Stronger than} 19. gxf6 Bxd4 20. fxg7 Ra7 $15) 19... Nd7 20. Be2 Nf8 (20... Be7 $16 {might work better.}) 21. Rhd1 Bb7 22. Bd6 Bf2 23. b4 Rac8 (23... e5 $16) 24. Kb2 Bc6 25. Bh2 e5 26. Nd5 Bh4 27. Ne3 ({White should play} 27. a4 $18) 27... g6 (27... Bxg5 $16 28. Nf5 Re6) 28. Ng4 {[%emt 0:00:33] aiming for Nf6+.} Bxg5 29. Bxe5 (29. Rd6 $18) 29... f5 30. Bf6 fxe4 $2 {[%emt 0:01:16] Black cannot hold the game after this.} 31. Rd6 ({Weaker is} 31. Bxg5 exd3 32. Bxd3 Kf7 $11) 31... exf3 $2 (31... h5 {is a better chance.}) 32. Bxg5 $18 {[%emt 0:00:22] White wants to mate with Nh6+.} ({Less strong is} 32. Bxf3 Bxf3 33. gxf3 Bf4 $16) 32... Rxe2 {[%emt 0:00:19] [#]} 33. Nh6+ $1 Kg7 34. Bf6+ {[%emt 0:00:04] Weighted Error Value: White=0.17 (very precise) /Black=0.77} 1-0

[Event "1st Chessable Sunway Formentera 2022"]
[Site "Formentera Punta Prima"]
[Date "2022.05.04"]
[Round "6"]
[White "Munoz Suarez, Luis Alberto"]
[Black "Romanishin, Oleg M"]
[Result "1/2-1/2"]
[ECO "C29"]
[WhiteElo "1907"]
[BlackElo "2400"]
[Annotator "TA"]
[PlyCount "116"]
[EventDate "2022.05.05"]
[EventType "swiss"]
[EventCountry "ESP"]
[SourceTitle "playchess.com"]
[Source "ChessBase"]
[SourceQuality "1"]
[TimeControl "40/5400+30:1800+30"]

1. e4 e5 2. f4 exf4 3. Bc4 d5 4. exd5 Nf6 5. Nc3 Be7 6. Nf3 O-O 7. O-O Nbd7 {[%emt 0:12:06] C29: Vienna Game: 2...Nf6 3 f4.} 8. d3 {[%emt 0:10:09] [#]} Bd6 $146 ({Predecessor:} 8... Bc5+ 9. d4 Bd6 10. Bb3 a6 11. Qd3 Re8 12. Bd2 b5 13. Rae1 Bb7 14. Rxe8+ Qxe8 15. Re1 {½-½ (45) Oehne,T (1738)-Kusnetsov,M (2085) Moehnesee 2010}) 9. Ne2 Nb6 {[%emt 0:18:28] Black is slightly better.} 10. Nxf4 Re8 (10... c6 $11) 11. Kh1 (11. Bb3 $1 $14) 11... Ng4 12. Bb3 Ne3 13. Bxe3 Rxe3 14. Ne2 Bg4 15. Ned4 (15. Qd2 $5 Qe7 16. Ned4 $14) 15... Qf6 16. Qd2 Qf4 {[%emt 0:07:22] [#]} (16... Qh6 $11) 17. Qf2 ({White has to play} 17. g3 $1 $16 Qh6 18. Nh4) 17... Bc5 {[%emt 0:09:16] [#]} (17... Rae8 $11) 18. c3 ({Better is} 18. Ne2 $1 $16 Qh6 19. d4) 18... Rf8 19. Qh4 (19. Qd2 $14) 19... Be7 $11 20. Qf2 Bd6 (20... Bc5 $1 $11) 21. Qh4 (21. g3 $14 Qh6 22. Nh4) 21... h6 (21... Be7 $1 $11 {keeps the balance.} 22. Qf2 Bd6) 22. h3 (22. Nd2 $16 Qe5 23. Rfe1) 22... Bd7 {[%emt 0:00:31] A strong pair of Bishops.} (22... Bxf3 $5 23. Qxf4 Bxf4 $11) 23. Qxf4 Bxf4 24. Rae1 Rfe8 {[%emt 0:01:01] Inhibits Ne6.} 25. Rxe3 Rxe3 26. Nh4 (26. Rd1 $14) 26... Bd6 27. Nhf5 Rxd3 28. Nxd6 cxd6 29. Rf2 Re3 30. Kg1 Re1+ 31. Kh2 Re5 32. Rd2 Kf8 ({Don't take} 32... Nxd5 33. Nf3 Ne3 34. Nxe5 Nf1+ 35. Kg1 Nxd2 36. Nxd7 $16) 33. Kg3 g6 ({But not} 33... Nxd5 34. Nf3 Nf6 35. Nxe5 dxe5 36. Bd5 $16) 34. Re2 (34. Nf3 $11 {remains equal.} Re8 35. Rd4) 34... Rxe2 $17 35. Nxe2 {[%emt 0:00:06][%mdl 4096] Endgame KBN-KBN} Ke7 (35... Bb5 $17 36. Nf4 a5) 36. Kf4 (36. Nd4 $15) 36... g5+ ({Black should play} 36... a5 $17) 37. Ke3 $11 {[%emt 0:00:31] The position is equal.} f5 38. Kd4 f4 39. Ng1 Bf5 40. Bd1 Nd7 41. c4 Nf6 42. b4 h5 43. c5 Bb1 44. a4 Ba2 45. Bf3 Bb3 46. a5 ({Much weaker is} 46. c6 bxc6 47. dxc6 Bxa4 $17) 46... g4 47. Be4 Bd1 48. hxg4 hxg4 49. Bf5 f3 50. gxf3 Bxf3 51. Nxf3 gxf3 {[%emt 0:00:06] KB-KN} 52. b5 f2 53. Bh3 dxc5+ 54. Kxc5 Ne4+ 55. Kd4 Nd2 {[%emt 0:00:30] ( -> ...Kd6)} 56. Kc5 Ne4+ 57. Kd4 Nd6 58. Kc5 Ne4+ {[%emt 0:00:05] Weighted Error Value: White=0.21 (precise) /Black=0.22 (precise)} 1/2-1/2

[Event "1st Chessable Sunway Formentera 2022"]
[Site "Formentera Punta Prima"]
[Date "2022.05.04"]
[Round "6"]
[White "Buivys, Martynas"]
[Black "Grutter, Tim"]
[Result "1/2-1/2"]
[ECO "A36"]
[WhiteElo "1806"]
[BlackElo "2241"]
[Annotator "TA"]
[PlyCount "96"]
[EventDate "2022.05.05"]
[EventType "swiss"]
[EventCountry "ESP"]
[SourceTitle "playchess.com"]
[Source "ChessBase"]
[SourceQuality "1"]
[TimeControl "40/5400+30:1800+30"]

1. c4 Nf6 2. Nc3 g6 3. g3 Bg7 4. Bg2 O-O 5. e4 d6 6. Nge2 c5 7. O-O Nc6 8. d3 Bg4 9. f3 {[%emt 0:00:26] A36: Symmetrical English vs ...g6: 4 Bg2 Bg7.} Bd7 10. Be3 a6 11. Qd2 Ne8 12. d4 cxd4 13. Nxd4 Nxd4 14. Bxd4 b5 15. cxb5 axb5 {[%emt 0:00:14] [#]} 16. Bxg7 $146 ({Predecessor:} 16. Rfd1 Bxd4+ 17. Qxd4 Nc7 18. e5 Ne6 19. Qe3 dxe5 20. Nxb5 Qb8 21. Rxd7 Qxb5 22. Rd2 {0-1 (43) Pap,G (2533)-Sjugirov,S (2622) Moscow 2012}) 16... Nxg7 17. Nd5 Be6 18. Nb4 Qa5 19. a3 Bc4 20. Rf2 Qb6 21. Re1 e5 22. f4 f6 ({Black should try} 22... exf4 $14 23. Qxf4 Rae8) 23. Kh1 (23. f5 $16) 23... exf4 $14 24. gxf4 (24. Nd5 $14 Qc5 25. b4 (25. Qxf4 Bxd5 26. exd5 f5 $11) (25. Nxf4 Qe5 $14)) 24... Rae8 25. Nd5 Bxd5 26. Qxd5+ Kh8 27. Rd2 Ne6 28. Rf1 f5 29. e5 dxe5 30. Qxe5+ Ng7 31. Rd6 Qb8 (31... Qc7 $1 $11 32. Qd4 Rd8) 32. Qd4 {[%emt 0:00:29] White is much more active.} (32. Qc5 $1 $14) 32... Rd8 $132 {[%emt 0:00:57][%mdl 2048] Black is not holding back} 33. Rd1 Rxd6 34. Qxd6 Qxd6 35. Rxd6 {[%emt 0:00:01][%mdl 4096] Endgame KRB-KRN} Rc8 36. Bc6 Nh5 37. Bxb5 Nxf4 {[%emt 0:00:15] [#]} (37... Rc1+ $11 {remains equal.} 38. Kg2 Rc2+ 39. Kf3 Rxh2) 38. Bc6 $1 $16 Kg7 $2 ({Black should play} 38... Nd3 $1 $14) 39. b4 $18 {[%emt 0:00:16][%cal Bb2b4,Bb4b5][%mdl 32] Threatens to win with b5.} Nd3 $2 (39... Rc7 40. a4 Kf8) 40. Rxd3 Rxc6 {[%emt 0:00:00] [#] KR-KR} 41. Rb3 $1 f4 42. b5 Rc1+ 43. Kg2 g5 44. h3 h5 45. Rb2 $2 (45. b6 $18 {b7 is the strong threat.} Rc2+ 46. Kf1 Rc1+ 47. Ke2 Rc2+ 48. Kd1) 45... g4 $1 $14 (45... Rc3 $2 46. b6 Rc8 47. b7 $18) 46. hxg4 hxg4 47. a4 {[%emt 0:01:30] Black must now prevent b6.} f3+ $1 48. Kg3 Rg1+ {[%emt 0:00:13] Weighted Error Value: White=0.29 (precise) /Black=0.22 (precise)} 1/2-1/2

[Event "1st Chessable Sunway Formentera 2022"]
[Site "Formentera Punta Prima"]
[Date "2022.05.04"]
[Round "6"]
[White "Dadashpour, Mohammad Yaser"]
[Black "Al Ibrahim, Abdulrahman"]
[Result "1-0"]
[ECO "B35"]
[WhiteElo "1604"]
[BlackElo "1776"]
[Annotator "NA RC COMBH"]
[PlyCount "73"]
[EventDate "2022.05.05"]
[EventType "swiss"]
[EventCountry "ESP"]
[SourceTitle "playchess.com"]
[Source "ChessBase"]
[SourceQuality "1"]
[TimeControl "40/5400+30:1800+30"]

1. e4 c5 2. Nf3 g6 3. d4 cxd4 4. Nxd4 Bg7 5. Nc3 Nc6 6. Be3 Nf6 7. Bc4 O-O 8. Bb3 Re8 9. Nxc6 dxc6 10. h3 Qa5 11. O-O Nd7 12. Bd4 e5 13. Qf3 Nf6 14. Be3 Be6 15. Bg5 Nd7 16. Rad1 Qc7 17. Rd2 Bxb3 18. axb3 h6 19. Rfd1 Nf8 20. Be3 b6 21. b4 a6 22. Na4 b5 23. Nc5 Re7 24. h4 a5 25. c3 a4 26. h5 Kh7 27. Qg4 Qc8 28. Qf3 Qe8 29. g4 Ne6 30. Nxe6 Rxe6 31. g5 gxh5 32. Rd7 Kg8 33. Qf5 Rg6 34. Rc7 hxg5 35. Rdd7 Rf6 36. Qh3 Rd8 37. Rxd8 1-0

[Event "1st Chessable Sunway Formentera 2022"]
[Site "Formentera Punta Prima"]
[Date "2022.05.05"]
[Round "7.1"]
[White "Santos Latasa, Jaime"]
[Black "Cuenca Jimenez, Jose Fernando"]
[Result "1/2-1/2"]
[ECO "C80"]
[WhiteElo "2672"]
[BlackElo "2551"]
[Annotator "TA"]
[PlyCount "60"]
[EventDate "2022.05.05"]
[EventType "swiss"]
[EventCountry "ESP"]
[SourceTitle "playchess.com"]
[Source "ChessBase"]
[SourceQuality "1"]
[TimeControl "40/5400+30:1800+30"]

1. e4 e5 2. Nf3 Nc6 3. Bb5 a6 4. Ba4 Nf6 5. O-O Nxe4 6. d4 b5 7. Bb3 d5 8. dxe5 Be6 9. Nbd2 Nc5 10. c3 d4 11. Bxe6 Nxe6 12. cxd4 Ncxd4 13. a4 Bb4 {[%emt 0:00:44] 13...Nc6 is a critical line. C80: Open Ruy Lopez: Sidelines and 9 Nbd2.} 14. axb5 Nxb5 (14... axb5 $2 15. Rxa8 Qxa8 16. Nxd4 Nxd4 17. Qg4 $16) 15. Qa4 c5 {[%emt 0:01:18] White has an edge.} 16. Nc4 {[%emt 0:03:58] [#] Black must now prevent Rd1.} O-O 17. Rd1 {[%emt 0:01:03] Inhibits Qd3.} Nbd4 18. Nxd4 Nxd4 19. Be3 {[%emt 0:00:22] Threatens to win with Bxd4.} a5 $1 {[%emt 0:00:16][%cal Ba6a5,Ba5b4][%mdl 32] [#]} 20. Nd6 $146 {[%emt 0:07:29] The position is equal.} ({Predecessor:} 20. h3 Ra6 21. Bxd4 cxd4 22. Nd6 Qg5 23. Rxd4 Qxe5 24. Rxb4 Rxd6 25. Rb5 Qe2 26. Qxa5 {½-½ (42) Le,Q (2709)-Vidit,S (2726) chess24.com INT 2020}) 20... Qe7 21. Bxd4 cxd4 22. Rxd4 Qxe5 23. Rxb4 axb4 24. Qxa8 {[%emt 0:00:06] [#] Strongly threatening Nc4.} Qxd6 $11 {[%emt 0:00:04][%mdl 4096] Endgame KQR-KQR} 25. Qe4 Qd2 26. g3 Qxb2 27. Rb1 Qc3 28. Qxb4 Qxb4 29. Rxb4 g6 30. Kg2 Kg7 {[%emt 1:15:29] Weighted Error Value: White=0.03 (flawless) /Black=0.02 (flawless)} 1/2-1/2

[Event "1st Chessable Sunway Formentera 2022"]
[Site "Formentera Punta Prima"]
[Date "2022.05.05"]
[Round "7.2"]
[White "Sargsyan, Shant"]
[Black "Gukesh D"]
[Result "1/2-1/2"]
[ECO "B31"]
[WhiteElo "2641"]
[BlackElo "2659"]
[Annotator "TA"]
[PlyCount "112"]
[EventDate "2022.05.05"]
[EventType "swiss"]
[EventCountry "ESP"]
[SourceTitle "playchess.com"]
[Source "ChessBase"]
[SourceQuality "1"]
[TimeControl "40/5400+30:1800+30"]

1. e4 c5 2. Nf3 Nc6 3. Bb5 g6 4. O-O Bg7 5. Re1 e5 6. Bxc6 dxc6 7. d3 Qe7 8. a4 a5 {[%emt 0:00:22] B31: Sicilian: 2...Nc6 3 Bb5 g6.} 9. Na3 Nf6 10. Nc4 Nd7 {[%emt 0:00:08] White is slightly better.} 11. Bg5 f6 12. Be3 b6 {[%emt 0:05:22] [#]} 13. c3 $146 ({Predecessor:} 13. Nfd2 Rb8 14. f4 O-O 15. f5 Rd8 16. Rf1 Nf8 17. Qf3 Qf7 18. h4 h6 19. Qg3 {1-0 (29) Khavsky,S-Karasev,V (2375) Leningrad 1983}) 13... Ba6 14. Qb3 Bf8 (14... Qe6 $11) 15. Nfd2 $14 ({Wrong is} 15. Nxb6 $2 Rb8 16. Rab1 Rxb6 $19) 15... Qf7 16. f4 exf4 17. Bxf4 {[%emt 0:00:07] [#] e5 is the strong threat.} Be7 $1 18. e5 fxe5 19. Bg5 Qe6 (19... Qd5 $11 20. Bh6 Bxc4 21. Nxc4 Rg8) 20. Bxe7 Kxe7 21. Re3 (21. d4 $5 ) 21... Rae8 22. Rae1 Bxc4 23. Nxc4 {[%emt 0:00:14][%cal Re3e5] Threatens to win with Rxe5.} Kf8 24. d4 Kg7 25. dxe5 Rhf8 {[%emt 0:00:10] [#]} 26. Qd1 $1 Qxc4 27. Qxd7+ Qf7 28. e6 {[%emt 0:04:10] Active counter play!} Qxd7 29. exd7 $11 {[%emt 0:00:02][%mdl 4096] Endgame KRR-KRR} Rd8 ({Don't take} 29... Rxe3 30. Rxe3 Rd8 31. Re7+ Kf6 32. Rxh7 $16) 30. Rd1 Rf7 31. Red3 b5 32. axb5 cxb5 33. Rd5 b4 34. cxb4 cxb4 35. b3 Kf6 36. g4 Ke6 37. Rd6+ ({Of course not} 37. Rxa5 Rfxd7 38. Re1+ Kf6 $11) 37... Ke7 38. Kg2 Kf8 39. R6d5 Kg7 40. Kg3 h6 41. h4 Re7 42. R1d3 Rf7 43. g5 hxg5 44. hxg5 Re7 45. Kf4 Rf8+ 46. Kg4 Rd8 47. R3d4 Rf7 48. Rd6 Re7 49. Kf4 Rf8+ 50. Rf6 {[%emt 0:00:16] White threatens Rxf8 and mate.} Rd8 {[%emt 0:00:07] The position is equal.} 51. Rdd6 Rdxd7 52. Rxg6+ Kh7 53. Rh6+ Kg7 54. Rdg6+ Kf7 55. Ra6 Kg7 {[%emt 0:01:20] Inhibits Rh7+.} 56. Rxa5 Rd3 {[%emt 0:00:39] Weighted Error Value: White=0.07 (flawless) /Black=0.05 (flawless)} 1/2-1/2

[Event "1st Chessable Sunway Formentera 2022"]
[Site "Formentera Punta Prima"]
[Date "2022.05.05"]
[Round "7.3"]
[White "Santos Ruiz, Miguel"]
[Black "Martirosyan, Haik M."]
[Result "1/2-1/2"]
[ECO "C67"]
[WhiteElo "2586"]
[BlackElo "2652"]
[Annotator "TA"]
[PlyCount "61"]
[EventDate "2022.05.05"]
[EventType "swiss"]
[EventCountry "ESP"]
[SourceTitle "playchess.com"]
[Source "ChessBase"]
[SourceQuality "1"]
[TimeControl "40/5400+30:1800+30"]

1. e4 e5 2. Nf3 Nc6 3. Bb5 Nf6 4. O-O Nxe4 5. Re1 Nd6 6. Nxe5 Be7 7. Bf1 Nxe5 8. Rxe5 O-O 9. d4 Bf6 10. Re1 Nf5 11. c3 d5 {[%emt 0:00:24] C67: Ruy Lopez: Berlin Defence: 4 0-0 Nxe4.} 12. Nd2 c6 13. Nf3 Nd6 {[%emt 0:00:16] The position is equal.} 14. h3 {[%emt 0:00:07] [#]} Re8 $146 ({Predecessor:} 14... Bf5 15. Bf4 Be4 16. Ne5 Bg5 17. Bh2 Re8 18. a4 a5 19. Qb3 Re7 20. Qa3 Nc8 {1-0 (28) Pirhala,L (2315)-Packroff,H (2196) ICCF email 2018}) 15. Rxe8+ Nxe8 16. Bf4 Bf5 17. Qb3 Qb6 18. Re1 h6 19. Ne5 Rd8 20. Nd3 Qxb3 21. axb3 Kf8 22. Nc5 (22. g4 $5 Bxd3 23. Bxd3 $14) 22... Bc8 23. Ra1 a6 24. g4 Bg5 25. Bg3 Be7 26. Kg2 Bd6 27. b4 Bxg3 28. Kxg3 Nd6 29. Re1 Re8 30. Rxe8+ Kxe8 31. h4 {[%emt 0:01:41] Weighted Error Value: White=0.06 (flawless) /Black=0.06 (flawless)} 1/2-1/2

[Event "1st Chessable Sunway Formentera 2022"]
[Site "Formentera Punta Prima"]
[Date "2022.05.05"]
[Round "7.4"]
[White "Sasikiran, Krishnan"]
[Black "Vrolijk, Liam"]
[Result "1-0"]
[ECO "D78"]
[WhiteElo "2651"]
[BlackElo "2467"]
[Annotator "TA"]
[PlyCount "107"]
[EventDate "2022.05.05"]
[EventType "swiss"]
[EventCountry "ESP"]
[SourceTitle "playchess.com"]
[Source "ChessBase"]
[SourceQuality "1"]
[TimeControl "40/5400+30:1800+30"]

1. Nf3 d5 2. g3 g6 3. Bg2 Bg7 4. d4 Nf6 5. O-O O-O 6. c4 c6 7. Nbd2 Bf5 {[%emt 0:05:54] 7...a5 injects fresh life into this line.} 8. b3 a5 9. Bb2 a4 {[%emt 0:05:17] D78: Fianchetto Grünfeld: 6 0-0 c6.} 10. e3 Nbd7 11. Qe2 Qb6 {[%emt 0:03:08] The position is equal.} 12. Rfc1 {[%emt 0:09:36] [#]} Ne4 $146 ({Predecessor:} 12... e6 13. Nh4 Rfe8 14. cxd5 cxd5 15. Nxf5 gxf5 16. Bf1 a3 17. Bc3 Rec8 18. Qb5 Qc7 {½-½ (55) Meier,G (2629)-Van Wely,L (2609) Chess.com INT 2020}) 13. Nxe4 Bxe4 14. Bh3 Nf6 15. Nd2 axb3 16. axb3 Rxa1 17. Rxa1 Bc2 18. Ba3 Ra8 19. Bf1 {[%emt 0:01:23] Strongly threatening Bc5.} Bf8 (19... Bxb3 $2 20. Bc5 $1 Qd8 21. Bxe7 $1 $18 ) 20. Bc5 Qd8 21. Qe1 Ne4 22. Nxe4 Bxe4 23. Qc3 Bf5 24. f3 h5 25. Kf2 Rxa1 26. Qxa1 b6 27. Bb4 Qc7 28. Qa8 dxc4 29. bxc4 c5 30. dxc5 bxc5 31. Qa5 Qxa5 32. Bxa5 $11 {[%emt 0:00:04][%mdl 4096] Endgame KBB-KBB} e5 33. e4 Bd7 34. Bd8 Kg7 35. h4 Bd6 36. Be2 f5 37. exf5 gxf5 38. Ke3 f4+ 39. gxf4 exf4+ 40. Ke4 {[%emt 0:00:00] next Kd5 is good for White.} Bc6+ 41. Kf5 {[%emt 0:04:54] Black must now prevent Ke6.} Bd7+ 42. Kg5 Be8 43. Bf6+ Kg8 44. Bd3 {[%emt 0:09:53] Threatens to win with Bg6.} Bf7 (44... Bc6 $11) 45. Kf5 $14 Kh7 46. Be2 Kh6 $2 {[%emt 0:00:47][%mdl 8192] [#]} (46... Bg8 $16) 47. Be5 $1 $18 (47. Bg5+ Kh7 $16) 47... Bg6+ $2 (47... Be7 48. Bxf4+ Kg7) 48. Ke6 ({Not} 48. Kxf4 Be7 $16) 48... Bxe5 49. Kxe5 {[%emt 0:00:04] KB-KB} Kg7 50. Bf1 $2 ({Better is} 50. Kd5 $18 Kf6 51. Kxc5) 50... Bf7 $2 (50... Bc2 $14) 51. Bd3 {[%emt 0:00:21] White is clearly winning.} Bg8 52. Kd6 Kf6 53. Kxc5 Ke5 54. Bg6 {[%emt 0:00:14] Weighted Error Value: White=0.23 (precise) /Black=0.32} 1-0